 Dungeon Crawl Stone Soup version 0.31-a0-344-gd109795599 (webtiles) character file.

Game seed: 17039438096113368331

3406 juan097 the Skirmisher (level 10, -14/68 HPs)
             Began as a Barachi Hunter on July 21, 2023.
             Was a Priest of Hepliaklqana.
             Demolished by a two-headed ogre
             ... wielding a +0 giant club
              (21 damage)
             ... on level 8 of the Dungeon.
             The game lasted 00:14:44 (6084 turns).

juan097 the Skirmisher (Barachi Hunter)             Turns: 6084, Time: 00:14:45

Health: -14/68     AC: 11    Str: 12    XL:     10   Next: 4%
Magic:  14/14      EV: 11    Int: 17    God:    Hepliaklqana [***...]
Gold:   384        SH:  0    Dex: 19    Spells: 9/9 levels left

rFire   . . .        a - +0 orcbow
rCold   . . .        (shield currently unavailable)
rNeg    . . .        S - +1 ring mail {Will+}
rPois   .            s - +1 helmet
rElec   .            l - +0 cloak
rCorr   .            R - +1 pair of gloves
SInv    .            (no boots)
Will    +....        (no amulet)
Stlth   ++           r - +6 ring of intelligence
HPRegen 0.31/turn    (no ring)
MPRegen 0.14/turn

%: no passive effects
@: slow
A: reduced essence, amphibious, slowness 1, strong legs 1, +LOS
a: Hop, Renounce Religion, Recall Ancestor, Ancestor Identity, Transference


You were on level 8 of the Dungeon.
You worshipped Hepliaklqana.
Hepliaklqana was most pleased with you.
You visited 1 branch of the dungeon, and saw 8 of its levels.

You collected 384 gold pieces.

Inventory:

Hand Weapons
 a - a +0 orcbow (weapon)
 b - a +2 dagger of protection
 F - a +0 shortbow
Missiles
 m - 4 silver javelins
 t - 26 poisoned darts
 z - 2 throwing nets
 C - 6 javelins
 O - 5 boomerangs
Armour
 l - a +0 cloak (worn)
 s - a +1 helmet (worn)
 M - a +0 leather armour of cold resistance
 R - a +1 pair of gloves (worn)
 S - a +1 ring mail of willpower (worn)
Jewellery
 r - a +6 ring of intelligence (left hand)
 w - a ring of fire
Wands
 y - a wand of flame (19)
 E - a wand of iceblast (8)
 J - a wand of quicksilver (9)
 P - a wand of paralysis (10)
Scrolls
 c - a scroll of revelation
 h - 2 scrolls of poison
 i - a scroll of silence
 j - a scroll of fog
 n - 3 scrolls of immolation {unknown}
 o - a scroll of butterflies
 p - 3 scrolls of vulnerability
 u - 5 scrolls of teleportation
 A - a scroll of brand weapon
 B - a scroll of amnesia
 G - a scroll of enchant weapon {unknown}
 I - a scroll of noise {unknown}
 K - a scroll of blinking {unknown}
 L - 2 scrolls of fear {unknown}
Potions
 d - 2 potions of mutation {unknown}
 e - 3 potions of heal wounds {unknown}
 g - a potion of might {unknown}
 k - a potion of degeneration {unknown}
 q - a potion of resistance {unknown}
 v - a potion of enlightenment {unknown}
 x - a potion of brilliance {unknown}
 D - 2 potions of magic {unknown}
 H - 2 potions of curing {unknown}
 N - a potion of cancellation {unknown}
 Q - a potion of lignification {unknown}


   Skills:
 + Level 6.0 Fighting
 - Level 4.0 Short Blades
 + Level 10.0 Ranged Weapons
 + Level 0.0 Armour
 + Level 2.1 Dodging
 - Level 4.0 Stealth
 - Level 6.0 Invocations
 - Level 4.0 Evocations


You had 9 spell levels left.
You didn't know any spells.
Your spell library contained the following spells:

 Spells                   Type           Power      Damage    Failure   Level
 Ensorcelled Hibernation  Hex/Ice        0%         N/A       63%         2
 Summon Guardian Golem    Hex/Summ       0%         N/A       85%         3
 Vhi's Electric Charge    Tloc/Air       0%         N/A       85%         3
 Anguish                  Hex/Necr       0%         N/A       99%         4
 Arcjolt                  Conj/Air       0%         1d10      100%        5
 Plasma Beam              Fire/Air       0%         2x1d10    100%        6
 Orb of Destruction       Conj           0%         9d5       100%        7
 Spellforged Servitor     Conj/Summ      0%         N/A       100%        7


Dungeon Overview and Level Annotations

Branches:
Dungeon (8/15)             Temple (0/1) D:7
   Lair: D:8-11

Altars:
Elyvilon
Hepliaklqana
Qazlal
Wu Jian
The Shining One

Shops:
D:4 [   D:5 (

Annotations:
D:4 2 transporters
D:7 2 transporters, Newt's ghost, novice MfFi


Innate Abilities, Weirdness & Mutations

Your life essence is reduced to manifest your ancestor. (-10% HP)
You are amphibious.
You cover ground slowly.
You can hop short distances.
You have an extended range of vision and can be seen from far away.


Message History

The two-headed ogre hits Citlalmina with a +0 giant club!
The two-headed ogre hits Citlalmina with a +0 giant spiked club!!
Citlalmina is destroyed!
You shoot an arrow. The arrow hits the two-headed ogre.
The two-headed ogre is heavily wounded.
You shoot an arrow. The arrow hits the two-headed ogre.
The two-headed ogre is heavily wounded.
You shoot an arrow.
The arrow barely misses the two-headed ogre.
The two-headed ogre closely misses you.
The two-headed ogre hits you with a +0 giant spiked club!
You shoot an arrow.
The arrow hits the two-headed ogre but does no damage.
The two-headed ogre is heavily wounded.
Throw: dart (curare)
Press: ? - help, Shift-Dir - straight line, f/p - two-headed ogre
Aim: a two-headed ogre, wielding a +0 giant club and a +0 giant spiked club (heavily wounded, 76% to hit)
You throw a curare-tipped dart.
The curare-tipped dart hits the two-headed ogre.
The two-headed ogre is poisoned.
The two-headed ogre convulses.
The two-headed ogre seems to slow down.
The two-headed ogre is severely wounded.
The two-headed ogre hits you with a +0 giant club!
The two-headed ogre hits you with a +0 giant spiked club!
You are too injured to fight recklessly!
You are too injured to fight recklessly!
Fire: a) +0 orcbow
Press: ? - help, Q - select action, (/) - cycle Shift-Dir - straight line, f/p - two-headed ogre
Aim: a two-headed ogre, wielding a +0 giant club and a +0 giant spiked club (heavily wounded, very poisoned, slow, 77% to hit)
You shoot an arrow.
The arrow closely misses the two-headed ogre.
Fire: a) +0 orcbow
Press: ? - help, Q - select action, (/) - cycle Shift-Dir - straight line, f/p - two-headed ogre
Aim: a two-headed ogre, wielding a +0 giant club and a +0 giant spiked club (severely wounded, very poisoned, slow, 77% to hit)
You shoot an arrow. The arrow hits the two-headed ogre!
The two-headed ogre is almost dead.
The two-headed ogre hits you with a +0 giant club!!
* * * LOW HITPOINT WARNING * * *
The two-headed ogre hits you with a +0 giant spiked club!!
You die...

##### ....# ....#
.. ####....####
...# ...........
.....###.#.....#
#.....:...#
#.O@[..# #..#####
#..# #..#
####<##..#####...
.................
########.########
#.#.# .. #.#.#
### #..


You could see a two-headed ogre (very poisoned, slow).

Vanquished Creatures
  Eustachio (D:4)
  A steam dragon (D:8)
  An orc warrior (D:6)
  2 kobold brigands
  2 scorpions
  2 hounds
  4 jellies
  A sleepcap (D:6)
  2 orc wizards
  2 iguanas
  Robin (D:3)
  10 adders
  A shadow imp (D:6)
  2 white imps
  2 ufetubi
  A worm (D:3)
  2 dart slugs
  18 orcs
  6 ball pythons
  7 endoplasms
  4 giant cockroaches
  12 goblins
  15 hobgoblins
  5 jackals
  3 quokkas
  5 bats
  4 frilled lizards
  9 kobolds
  2 rats
127 creatures vanquished.

Vanquished Creatures (collateral kills)
  An unseen horror (D:6)
  A shadow (D:6)
  Sigmund (D:4)
  Edmund (D:4)
  A water moccasin (D:6)
  2 orc warriors (D:7)
  A black bear (D:4)
  An ice beast (D:5)
  An ogre (D:5)
  2 centaurs (D:6)
  3 lemures (D:4)
  2 phantoms
  2 kobold brigands
  A bullfrog (D:7)
  2 scorpions
  A howler monkey (D:7)
  3 hounds
  A jelly (D:7)
  2 sleepcaps
  Ijyb (D:5)
  An iguana (D:5)
  An orc wizard (D:7)
  A gnoll (D:4)
  5 adders
  4 orcs
  An endoplasm (D:4)
  3 hobgoblins (D:4)
  A jackal (D:4)
  2 kobolds (D:7)
  A quokka (D:4)
50 creatures vanquished.

Vanquished Creatures (others)
  A knight (D:8)
1 creature vanquished.

Grand Total: 178 creatures vanquished

Notes
Turn   | Place    | Note
-------+----------+-------------------------------------------
     0 | D:1      | juan097 the Barachi Hunter began the quest for the Orb.
     0 | D:1      | Reached XP level 1. HP: 17/17 MP: 1/1
    72 | D:1      | Reached skill level 1 in Stealth
    95 | D:1      | Reached XP level 2. HP: 23/23 MP: 2/2
   548 | D:1      | Reached XP level 3. HP: 28/28 MP: 3/3
  1391 | D:2      | Reached XP level 4. HP: 18/35 MP: 4/4
  1607 | D:3      | Noticed Robin
  1731 | D:3      | Killed Robin
  1878 | D:3      | Reached skill level 5 in Ranged Weapons
  1951 | D:3      | Reached skill level 1 in Short Blades
  2133 | D:3      | Reached XP level 5. HP: 41/41 MP: 5/5
  2297 | D:3      | Found a faded altar of an unknown god.
  2312 | D:3      | Prayed at the altar of an unknown god.
  2312 | D:3      | Became a worshipper of Hepliaklqana the Forgotten
  2312 | D:3      | Reached * piety under Hepliaklqana
  2457 | D:3      | Found a white marble altar of Elyvilon.
  2492 | D:4      | Found a stormy altar of Qazlal.
  2600 | D:4      | Found a glowing golden altar of the Shining One.
  2631 | D:4      | Reached ** piety under Hepliaklqana
  2632 | D:4      | Remembered your ancestor Citlalmina as a knight
  2635 | D:4      | Found a transporter.
  2673 | D:4      | Found Zugruh Kiog's Armour Shop.
  2793 | D:4      | Reached XP level 6. HP: 41/43 MP: 6/6
  3087 | D:4      | Found a transporter.
  3207 | D:4      | Noticed a black bear
  3214 | D:4      | Killed a black bear
  3215 | D:4      | Reached skill level 6 in Ranged Weapons
  3215 | D:4      | Reached XP level 7. HP: 49/49 MP: 7/7
  3236 | D:4      | Noticed Sigmund
  3241 | D:4      | Killed Sigmund
  3258 | D:4      | Noticed Edmund
  3265 | D:4      | Killed Edmund
  3266 | D:4      | Reached skill level 5 in Fighting
  3319 | D:4      | Found a hazy altar of Hepliaklqana.
  3637 | D:5      | Entered Level 5 of the Dungeon
  3753 | D:5      | Reached XP level 8. HP: 55/55 MP: 8/8
  3754 | D:5      | Noticed Ijyb
  3779 | D:5      | Killed Ijyb
  3780 | D:5      | Reached skill level 7 in Ranged Weapons
  3893 | D:5      | Noticed Eustachio
  3916 | D:5      | Found Huss's Antique Weapon Emporium.
  4038 | D:4      | Killed Eustachio
  4166 | D:5      | Reached skill level 8 in Ranged Weapons
  4246 | D:5      | Found an ornate altar of the Wu Jian Council.
  4687 | D:6      | Reached skill level 9 in Ranged Weapons
  4791 | D:6      | Reached skill level 1 in Evocations
  4791 | D:6      | Reached XP level 9. HP: 57/62 MP: 9/9
  4896 | D:6      | Reached *** piety under Hepliaklqana
  4956 | D:6      | Killed an unseen horror
  4957 | D:6      | Reached skill level 1 in Invocations
  5036 | D:6      | Reached skill level 10 in Ranged Weapons
  5444 | D:7      | Noticed Newt's ghost (novice MfFi)
  5496 | D:7      | Reached skill level 5 in Invocations
  5806 | D:7      | Found a transporter.
  5817 | D:7      | Found a staircase to the Ecumenical Temple.
  5878 | D:7      | Found a transporter.
  6009 | D:8      | Reached XP level 10. HP: 58/68 MP: 14/14
  6071 | D:8      | Noticed a two-headed ogre
  6084 | D:8      | Demolished by a two-headed ogre

Illustrated notes

Levels and vault maps discovered:
D:1:      minmay_arrival_four_houses, layout_loops_corners
D:2:      layout_basic, minmay_misc_feat_square
D:3:      layout_loops_ring, general_overflow_altar,
          shapermc_ecumenical_altar_pompeii, minivault_23, uniq_robin
D:4:      layout_layer_cave, mainiacjoe_overflow_small_starburst,
          nicolae_qazlal_scattered_showers, nicolae_hepliaklqana_hippocampus,
          gammafunk_ghost_mausoleum, nicolae_inconvenience_store,
          supply_closet_lemuel, minmay_close_crescents, uniq_sigmund,
          uniq_edmund
D:5:      layout_cave_pools, lemuel_coloured_pillars_altar, serial_shops,
          nicolae_shop_dealshenge, uniq_ijyb, uniq_eustachio, uniq_pikel
D:6:      minmay_opposing_rooms, layout_basic, grunt_ministairs_2
D:7:      layout_basic, minmay_temple_entry_antechambers, gammafunk_ghost_arena
D:8:      layout_basic, eat_drink_and_be_merry_uskayaw, minitemple,
          dpeg_oklobed_lair

Skill      XL: |  1  2  3  4  5  6  7  8  9 10 |
---------------+-------------------------------+-----
Stealth        | 1 2 3 4 |  4.0
Fighting       | 3 4 5 6 |  6.0
Ranged Weapons | 5 6 9 10 | 10.0
Short Blades   | 1 2 3 4 |  4.0
Evocations     | 1 4 |  4.0
Invocations    | 5 6 |  6.0
Dodging        | |  2.1

Action                     |  1- 3 |  4- 6 |  7- 9 | 10-12 || total
---------------------------+-------+-------+-------+-------++-------
  Melee: Dagger            |     5 |     1 |       |       ||     6
   Fire: Shortbow          |   116 |   193 |   157 |       ||   466
         Orcbow            |       |       |   162 |    15 ||   177
  Throw: Dart              |       |       |     4 |     1 ||     5
 Invoke: Ancestor Life: Kn |       |     1 |       |       ||     1
         Ancestor Identity |       |     1 |       |       ||     1
         Recall Ancestor   |       |       |     1 |       ||     1
    Use: Scroll            |       |       |    10 |       ||    10
 Armour: Leather armour    |     2 |       |    17 |       ||    19
         Ring mail         |    29 |    28 |     3 |       ||    60
  Dodge: Dodged            |    42 |    40 |    59 |     1 ||   142

Table legend: (Time is in decaauts)
 A = Elapsed time spent in this place.
 B = Non-inter-level travel time spent in this place.
 C = Inter-level travel time spent in this place.
 D = Time resting spent in this place.
 E = Time spent auto-exploring this place.
 F = Levels seen in this place.
 G = Mean time per level.
                   A        B        C        D        E       F      G
               +--------+--------+--------+--------+--------+-----+--------+
         Total |   7056 |   6864 |    192 |      0 |   5388 |   8 |  882.0 |
       Dungeon |   7056 |   6864 |    192 |      0 |   5388 |   8 |  882.0 |
               +--------+--------+--------+--------+--------+-----+--------+

Top non-repeatable levels by time:
     D:4: 1434 daAuts
     D:1: 1066 daAuts
     D:6: 956 daAuts
     D:3: 944 daAuts
     D:2: 932 daAuts
     D:5: 843 daAuts
     D:7: 776 daAuts
     D:8: 102 daAuts
